 Dungeon Crawl Stone Soup version 0.30-a0-1016-gfb0d676c02 (webtiles) character file.

Game seed: 9229012270018123507

821 protoss039 the Sneak (level 7, -1/41 HPs)
             Began as a Vampire Enchanter on Apr 6, 2023.
             Slain by a gnoll bouda
             ... wielding a +0 club
              (9 damage)
             ... on level 5 of the Dungeon.
             The game lasted 00:10:32 (3789 turns).

protoss039 the Sneak (Vampire Enchanter)            Turns: 3789, Time: 00:10:33

Health: -1/41      AC:  3    Str:  7    XL:     7   Next: 63%
Magic:  1/11       EV: 13    Int: 18    God:
Gold:   304        SH:  3    Dex: 16    Spells: 4/12 levels left

rFire   . . .      SeeInvis +    l - +2 short sword (flame)
rCold   + + .      Faith    .    g - +0 buckler
rNeg    + + +      Spirit   .    b - +0 robe
rPois   ∞          Reflect  .    (no helmet)
rElec   .          Rampage  .    (no cloak)
rCorr   .                        (no gloves)
Will    .....                    s - +0 pair of boots
Stlth   ++++++                   (no amulet)
HPRegen 0.00/turn                (no ring)
MPRegen 0.12/turn                (no ring)

@: bloodless, inhibited regen
A: bloodless, fangs 3, see invisible, vampiric 2
a: Bat Form, Revivify


You were on level 5 of the Dungeon.
You visited 1 branch of the dungeon, and saw 5 of its levels.

You collected 304 gold pieces.

Inventory:

Hand Weapons
 l - a +2 short sword of flaming (weapon)
 m - a +2 vampiric dagger
 q - a +2 hand axe of draining
Missiles
 e - 5 curare-tipped darts (quivered)
 r - 2 throwing nets
 t - 6 poisoned darts
Armour
 b - a +0 robe (worn)
 g - a +0 buckler (worn)
 s - a +0 pair of boots (worn)
Wands
 w - a wand of digging (1)
Scrolls
 a - 2 scrolls of brand weapon
 d - 2 scrolls of magic mapping {unknown}
 h - 2 scrolls of identify {unknown}
 i - a scroll of fog {unknown}
 n - 2 scrolls of amnesia {unknown}
 o - a scroll of teleportation {unknown}
 p - 3 scrolls of poison {unknown}
 x - a scroll of blinking {unknown}
Potions
 c - a potion of invisibility
 f - 2 potions of cancellation {unknown}
 j - a potion of lignification {unknown}
 k - 2 potions of might {unknown}
 u - 3 potions of heal wounds {unknown}
 v - a potion of curing {unknown}


   Skills:
 * Level 3.6 Fighting
 - Level 3.0 Short Blades
 + Level 3.6 Dodging
 * Level 7.8 Stealth
 + Level 3.2 Spellcasting
 + Level 6.1 Hexes
 + Level 2.3 Ice Magic


You had 4 spell levels left.
You knew the following spells:

 Your Spells              Type           Power      Damage    Failure   Level
a - Ensorcelled Hibernat  Hex/Ice        36%        N/A       6%          2
b - Confusing Touch       Hex            24%        N/A       5%          3
c - Tukima's Dance        Hex            24%        N/A       5%          3

Your spell library contained the following spells:

 Spells                   Type           Power      Damage    Failure   Level
 Dazzling Flash           Conj/Hex       26%        N/A       19%         3
 Apportation              Tloc           4%         N/A       22%         1
 Alistair's Intoxication  Tmut/Pois      1%         N/A       99%         5


Dungeon Overview and Level Annotations

Branches:
Dungeon (5/15) Zot: 26207
 Temple: D:4-7

Altars:

Shops:
D:4 [((

Annotations:
D:5 exclusion: 2 yaks


Innate Abilities, Weirdness & Mutations

You do not regenerate when monsters are visible.
You are frail without blood (-20% HP).
You can heal yourself when you bite living creatures.
You are immune to poison.
You have razor-sharp teeth.
You have supernaturally acute eyesight. (SInv)
You are afflicted with vampirism and can become a bat while bloodless.


Message History

You bite the gnoll bouda, but do no damage.
The gnoll bouda is heavily wounded.
The gnoll is no longer moving quickly.
The gnoll bouda hits you with a +0 club.
Unknown command.
You hit the gnoll bouda but do no damage.
The gnoll bouda is heavily wounded.
The gnoll bouda utters an invocation to its god.
The gnoll bouda is healed somewhat.
Unknown command.
You hit the gnoll bouda. You burn the gnoll bouda.
The gnoll bouda is heavily wounded.
The gnoll bouda completely misses you.
Unknown command.
You hit the gnoll bouda but do no damage.
The gnoll bouda is heavily wounded.
The gnoll bouda hits you with a +0 club.
* * * LOW HITPOINT WARNING * * *
Unknown command.
Okay, then.
Okay, then.
Okay, then.
Okay, then.
As you read the scroll labelled TIPRUN DESAE, it crumbles to dust.
It is a scroll of brand weapon.
Your +2 dagger of distortion thirsts for the lives of mortals!
m - a +2 vampiric dagger Your attacks no longer feel as feeble.
The gnoll is no longer moving quickly.
The gnoll bouda hits you with a +0 club.
* * * LOW HITPOINT WARNING * * *
Unknown command.
Unknown command.
Okay, then.
Okay, then.
Okay, then.
Okay, then.
The gnoll bouda attacks as you move away!
The gnoll bouda hits you with a +0 club!
You die...

.......## #.....##
.....#... #......###
##......# #####......#..
........## #..........##.
#.....).. +.............
........# #..(..........
#.....g######.............
.......g)g......#+#........
###....###@...#.#..........
#...........#.#####......
#...........#.# #......
###.......#.#.# #......
#.......#.#.# #<..###
...........#.. ....#
......$..####. .....
..........


You could see a gnoll bouda and 2 gnolls.

Vanquished Creatures
  2 black bears
  An ogre (D:5)
  2 scorpions
  2 hounds
  A jelly (D:3)
  2 orc priests
  An iguana (D:3)
  An orc wizard (D:4)
  Natasha (thrice) (D:4)
  5 adders
  A gnoll (D:5)
  A shadow imp (D:5)
  A white imp (D:5)
  A worm (D:2)
  2 dart slugs
  8 orcs
  7 endoplasms
  7 giant cockroaches
  8 hobgoblins
  4 jackals (D:3)
  8 kobolds
  3 quokkas
  8 ball pythons
  5 bats
  3 frilled lizards
  7 goblins
  5 rats
99 creatures vanquished.

Notes
Turn   | Place    | Note
-------+----------+-------------------------------------------
     0 | D:1      | protoss039 the Vampire Enchanter began the quest for the
                  | Orb.
     0 | D:1      | Reached XP level 1. HP: 13/13 MP: 3/3
   112 | D:1      | Reached XP level 2. HP: 10/16 MP: 5/5
   311 | D:1      | Reached skill level 5 in Stealth
   313 | D:1      | Reached skill level 1 in Fighting
   316 | D:1      | Learned a level 2 spell: Ensorcelled Hibernation
   861 | D:1      | Gained mutation: You are afflicted with vampirism and can
                  | become a bat while bloodless. [Vampire growth]
   861 | D:1      | Reached XP level 3. HP: 12/20 MP: 1/6
  1329 | D:2      | Reached XP level 4. HP: 25/25 MP: 7/7
  1681 | D:2      | Learned a level 3 spell: Confusing Touch
  1916 | D:3      | Reached skill level 5 in Hexes
  1916 | D:3      | Reached skill level 1 in Ice Magic
  1916 | D:3      | Reached XP level 5. HP: 30/30 MP: 1/8
  1981 | D:3      | Reached skill level 6 in Stealth
  2569 | D:3      | Learned a level 3 spell: Tukima's Dance
  2637 | D:3      | Reached XP level 6. HP: 20/36 MP: 6/9
  2954 | D:4      | Found Talutriz's Antique Weapon Shop.
  2954 | D:4      | Noticed Natasha
  2956 | D:4      | Found Feir's Weapon Boutique.
  2958 | D:4      | Found Gieweesm's Antique Armour Shop.
  2960 | D:4      | Killed Natasha
  3023 | D:4      | Reached skill level 7 in Stealth
  3023 | D:4      | Reached XP level 7. HP: 41/41 MP: 8/11
  3057 | D:4      | Noticed Natasha
  3070 | D:4      | Killed Natasha
  3159 | D:4      | Noticed Natasha
  3163 | D:4      | Killed Natasha
  3444 | D:5      | Entered Level 5 of the Dungeon
  3704 | D:5      | Noticed a yak
  3704 | D:5      | Noticed a yak
  3789 | D:5      | Slain by a gnoll bouda

Illustrated notes

Levels and vault maps discovered:
D:1:      onia_arrival_pyramid, layout_basic
D:2:      layout_loops_ring, minmay_tripent
D:3:      layout_basic, mainiacjoe_overflow_alcove_2
D:4:      layout_cave_pools, nicolae_wooded_promenade, uniq_natasha
D:5:      layout_basic, nicolae_shop_i_like_big_books

Skill      XL: |  1  2  3  4  5  6  7 |
---------------+----------------------+-----
Stealth        | 5 6 7 |  7.8
Fighting       | 1 2 3 |  3.6
Hexes          | 5 6 |  6.1
Ice Magic      | 1 2 |  2.3
Short Blades   | 2 3 |  3.0
Dodging        | 3 |  3.6
Spellcasting   | 3 |  3.2

Action                     |  1- 3 |  4- 6 |  7- 9 || total
---------------------------+-------+-------+-------++-------
  Melee: Dagger            |    85 |       |       ||    85
         Bite              |     9 |     2 |     3 ||    14
         Short sword       |    14 |    66 |    32 ||   112
   Cast: Ensorcelled Hiber |    11 |    30 |    20 ||    61
Ability: Exsanguinate      |     1 |       |       ||     1
    Use: Potion            |     1 |       |       ||     1
         Scroll            |       |       |     1 ||     1
   Stab: Invisible         |     1 |       |       ||     1
         Sleeping          |    22 |    36 |    11 ||    69
 Armour: Robe              |    17 |    12 |     5 ||    34
  Dodge: Dodged            |    49 |    30 |    22 ||   101
  Block: Buckler           |     3 |    11 |     4 ||    18

Table legend: (Time is in decaauts)
 A = Elapsed time spent in this place.
 B = Non-inter-level travel time spent in this place.
 C = Inter-level travel time spent in this place.
 D = Time resting spent in this place.
 E = Time spent auto-exploring this place.
 F = Levels seen in this place.
 G = Mean time per level.
                   A        B        C        D        E       F      G
               +--------+--------+--------+--------+--------+-----+--------+
         Total |   3792 |   3616 |    176 |    285 |   2384 |   5 |  758.4 |
       Dungeon |   3792 |   3616 |    176 |    285 |   2384 |   5 |  758.4 |
               +--------+--------+--------+--------+--------+-----+--------+

Top non-repeatable levels by time:
     D:3: 1024 daAuts
     D:1: 924 daAuts
     D:2: 766 daAuts
     D:4: 734 daAuts
     D:5: 342 daAuts
